 Dungeon Crawl Stone Soup version 0.28-a0-1233-g92def6ad0a (webtiles) character file.

Game seed: 6768286528858013300

3232 Lekart the Cleaver (level 9, -4/72 HPs)
             Began as a Green Draconian Chaos Knight on Dec 23, 2021.
             Was a Plaything of Xom.
             Killed from afar by an acid dragon (24 damage)
             ... with a splash of acid
             ... on level 8 of the Dungeon.
             The game lasted 00:15:15 (8757 turns).

Lekart the Cleaver (Green Draconian Chaos Knight)   Turns: 8757, Time: 00:15:15

Health: -4/72      AC:  5    Str: 14      XL:     9   Next: 66%
Magic:  9/9        EV: 10    Int: 14      God:    Xom [.*....]
Gold:   325        SH: 15    Dex: 13 (14) Spells: 8/8 levels left

rFire   . . .      SeeInvis +   a - +0 hand axe (vorpal)
rCold   . . .      Faith    .   r - +2 tower shield {AC+3}
rNeg    . . .      Spirit   .   (armour unavailable)
rPois   +          Reflect  .   (helmet restricted)
rElec   .          Harm     .   v - +1 cloak
rCorr   .          Rampage  .   (no gloves)
Will    .....                   j - +0 pair of boots
Stlth   +.........              (no amulet)
HPRegen 0.22/turn               b - ring of see invisible
MPRegen 0.11/turn               (no ring)

@: corroded
A: breathe noxious fumes, AC +7, unfitting armour, poison resistance,
cold-blooded, talons 1, deterioration 1, frail 1
a: Breathe Noxious Fumes, Renounce Religion


You were on level 8 of the Dungeon.
You worshipped Xom.
You were a plaything of Xom.
You visited 2 branches of the dungeon, and saw 9 of its levels.

You collected 421 gold pieces.
You spent 96 gold pieces at shops.

Inventory:

Hand Weapons
 a - a +0 vorpal hand axe (weapon)
Missiles
 g - 5 silver javelins (quivered)
 n - a throwing net
Armour
 j - a +0 pair of boots (worn)
 r - a +2 tower shield of protection (worn)
 v - a +1 cloak (worn)
Jewellery
 b - a ring of see invisible (left hand)
 u - a ring of ice
Wands
 s - a wand of paralysis (10)
 t - a wand of iceblast (7)
 x - a wand of acid (7)
Scrolls
 d - a scroll of fear
 k - 7 scrolls of teleportation
 o - 2 scrolls of immolation
 p - a scroll of identify
 w - a scroll of blinking
 y - a scroll of enchant armour
 z - a scroll of noise {unknown}
Potions
 c - a potion of brilliance
 e - 5 potions of lignification
 f - a potion of heal wounds
 h - 3 potions of flight
 i - 2 potions of magic
 l - 7 potions of curing
 m - 2 potions of resistance
 q - 2 potions of haste


   Skills:
 + Level 7.7 Fighting
 + Level 9.2 Axes
 + Level 2.2 Throwing
 + Level 5.8 Dodging
 * Level 5.0 Shields


You had 8 spell levels left.
You didn't know any spells.
Your spell library contained the following spells:

 Spells                   Type           Power      Damage    Failure   Level
 Olgreb's Toxic Radiance  Pois           0%         N/A       100%        4
 Ozocubu's Refrigeration  Ice            0%         4d5       100%        7
 Ignition                 Fire           0%         3d3       100%        8


Dungeon Overview and Level Annotations

Branches:
Dungeon (8/15)             Temple (1/1) D:7
   Lair: D:8-11

Altars:
Ashenzari
Cheibriados
Dithmenos
Elyvilon
Fedhas
Kikubaaqudgha
Makhleb
Nemelex Xobeh
Okawaru
Qazlal
Ru
Sif Muna
Vehumet
Xom
Yredelemnul
Zin
The Shining One

Shops:
D:3 [!   D:6 =

Annotations:
D:1 exclusion: downstairs
D:8 1 runed translucent door, spimroxx's ghost, novice DECj


Innate Abilities, Weirdness & Mutations

You can breathe blasts of noxious fumes.
Your lurid green scales are hard. (AC +7)
You cannot fit into any form of body armour.
Your system is resistant to poisons. (rPois)
You are cold-blooded and may be slowed by cold attacks.
You have sharp toenails.
Your body sometimes deteriorates upon taking damage.
You are frail. (-10% HP)


Message History

You exhale a blast of noxious fumes.
The blast of choking fumes hits the acid dragon.
The acid dragon completely resists.
The acid dragon is moderately wounded.
You block the acid dragon's attack. x2
You hit the acid dragon but do no damage.
The acid dragon is moderately wounded.
The acid dragon spits acid at you. You block the splash of acid.
You hit the acid dragon but do no damage.
The acid dragon is moderately wounded.
The acid dragon completely misses you. You block the acid dragon's attack.
You barely miss the acid dragon.
The acid dragon is moderately wounded.
The acid dragon completely misses you. The acid dragon closely misses you.
You block the acid dragon's attack. The acid dragon claws you.
You hit the acid dragon but do no damage.
The acid dragon is moderately wounded.
The acid dragon spits acid at you. The splash of acid hits you!
You hit the acid dragon but do no damage.
Your tail-slap misses the acid dragon.
The acid dragon is moderately wounded.
You block the acid dragon's attack.
The acid dragon claws you but does no damage.
You hit the acid dragon.
The acid dragon is heavily wounded.
You block the acid dragon's attack. x2
You hit the acid dragon but do no damage.
The acid dragon is heavily wounded.
You block the acid dragon's attack. The acid dragon claws you.
You barely miss the acid dragon.
The acid dragon is heavily wounded.
You have got your breath back.
The acid dragon bites you!
* * * LOW HITPOINT WARNING * * *
You block the acid dragon's attack. The acid dragon spits acid at you.
The splash of acid hits you!!
You die...

##..#.##
#.......
#...+W.#
#.######
#...#(##
#.######
#...###
........
#..#..#
##.......
##.##.#
#..#####
#.# ..#
#..# #.#
?# #..#
#@# ..
#D# .#
#.# .#
#.# #..
###


You could see an acid dragon (catching breath).

Vanquished Creatures
  Grinder (D:4)
  Sigmund (D:3)
  A steam dragon (D:8)
  2 water moccasins
  A sky beast (D:7)
  2 ice beasts (D:7)
  A black bear (D:7)
  A necrophage (D:5)
  2 ogres
  A phantom (D:6)
  2 centaurs
  A kobold brigand (D:8)
  6 scorpions
  2 water moccasin zombies (D:5)
  A wyvern skeleton (D:5)
  A water moccasin skeleton (D:7)
  2 howler monkeys
  2 bullfrog zombies (D:5)
  A centaur zombie (D:6)
  2 orc priests
  2 centaur skeletons
  2 gnoll shamans
  A bullfrog skeleton (D:7)
  2 jellies
  2 scorpion zombies (D:5)
  3 iguanas
  4 orc wizards
  2 killer bee zombies
  4 hound zombies (D:5)
  A hound skeleton (D:5)
  11 gnolls
  5 adders
  A shadow imp (D:8)
  A white imp (D:7)
  An adder skeleton (D:4)
  An adder zombie (D:5)
  2 worms
  A dart slug (D:1)
  18 orcs
  2 bats
  5 endoplasms
  3 giant cockroaches
  5 goblins
  4 hobgoblins
  4 jackals (D:2)
  A quokka (D:4)
  8 ball pythons
  2 frilled lizards
  7 kobolds
  8 rats
146 creatures vanquished.

Vanquished Creatures (collateral kills)
  An adder (D:3)
1 creature vanquished.

Vanquished Creatures (others)
  A killer bee zombie (D:8)
  A white imp (D:8)
  A withered plant (D:5)
3 creatures vanquished.

Grand Total: 150 creatures vanquished

Notes
Turn   | Place    | Note
-------+----------+-------------------------------------------
     0 | D:1      | Lekart the Draconian Chaos Knight began the quest for the
                  | Orb.
     0 | D:1      | Reached XP level 1. HP: 19/19 MP: 1/1
    72 | D:1      | XOM: silly message
    92 | D:1      | Reached XP level 2. HP: 26/26 MP: 2/2
   168 | D:1      | XOM: silly message
   542 | D:1      | XOM: silly message
   746 | D:2      | XOM: stealth player
   883 | D:2      | Noticed a scorpion
   891 | D:2      | XOM: butterfly on damage
   906 | D:2      | XOM: potion effect (haste)
   911 | D:2      | XOM: potion effect (invisibility)
  1330 | D:2      | Found a faded altar of an unknown god.
  1342 | D:2      | Reached XP level 3. HP: 31/33 MP: 3/3
  1558 | D:2      | Killed a scorpion
  1559 | D:2      | Reached skill level 4 in Axes
  1559 | D:2      | Reached XP level 4. HP: 34/40 MP: 4/4
  2021 | D:3      | XOM: 6-stop teleportation journey
  2046 | D:3      | Noticed Sigmund
  2053 | D:3      | XOM: summons 4 friendly demons
  2075 | D:3      | Killed Sigmund
  2076 | D:3      | Reached skill level 5 in Fighting
  2076 | D:3      | Reached skill level 5 in Axes
  2076 | D:3      | Reached XP level 5. HP: 23/48 MP: 5/5
  2076 | D:3      | Reached XP level 6. HP: 27/56 MP: 6/6
  2424 | D:3      | Found Kikkom's Antique Armour Shoppe.
  2738 | D:3      | Found Biton's Distillery.
  2757 | D:3      | Bought a potion of mutation for 96 gold pieces
  2757 | D:3      | Gained mutation: You are agile. (Dex +2) [potion of
                  | mutation]
  2757 | D:3      | Gained mutation: Your body sometimes deteriorates upon
                  | taking damage. [potion of mutation]
  2757 | D:3      | Gained mutation: You have sharp toenails. [potion of
                  | mutation]
  2757 | D:3      | Gained mutation: Your skin changes colour to match your
                  | surroundings (Stealth+). [potion of mutation]
  2901 | D:4      | XOM: blink monster(s)
  3027 | D:4      | Your scales start taking on a lurid green colour.
  3027 | D:4      | Reached XP level 7. HP: 41/61 MP: 7/7
  3027 | D:4      | Gained mutation: Your system is resistant to poisons.
                  | (rPois) [Green Draconian growth]
  3129 | D:4      | Noticed Grinder
  3135 | D:4      | XOM: swap monsters
  3150 | D:4      | Killed Grinder
  3151 | D:4      | Reached skill level 6 in Axes
  3171 | D:4      | XOM: swap monsters
  3183 | D:4      | XOM: enchant monster (bad)
  3267 | D:4      | XOM: noise
  3322 | D:4      | XOM: silly message
  3499 | D:4      | Found a sacrificial altar of Ru.
  3627 | D:4      | XOM: cloud trail
  3694 | D:4      | Reached skill level 7 in Axes
  4003 | D:5      | Entered Level 5 of the Dungeon
  4035 | D:5      | Reached skill level 1 in Throwing
  4035 | D:5      | Reached XP level 8. HP: 40/71 MP: 8/8
  4307 | D:5      | Found the +0 staff of Battle
  4487 | D:5      | Reached skill level 8 in Axes
  4582 | D:5      | XOM: noise
  4862 | D:5      | XOM: silly message
  5212 | D:5      | XOM: cast spell 'Summon Small Mammal'
  5216 | D:5      | Reached skill level 5 in Dodging
  5366 | D:5      | XOM: silly message
  5416 | D:5      | XOM: divination: magic mapping
  5476 | D:6      | XOM: silly message
  5732 | D:6      | XOM: potion effect (brilliance)
  5741 | D:6      | Found Kouniuci's Jewellery Shop.
  5968 | D:6      | Reached XP level 9. HP: 64/79 MP: 9/9
  6214 | D:6      | Reached skill level 1 in Shields
  6530 | D:6      | XOM: silly message
  6664 | D:6      | XOM: silly message
  6886 | D:7      | XOM: divination: magic mapping
  6916 | D:7      | XOM: 5-stop teleportation journey
  7063 | D:7      | XOM: potion effect (haste)
  7506 | D:7      | XOM: divination: detect creatures
  7515 | D:7      | XOM: smoke on damage
  7517 | D:7      | Reached skill level 9 in Axes
  7712 | D:7      | Found a staircase to the Ecumenical Temple.
  7779 | D:7      | XOM: silly message
  7892 | Temple   | Entered the Ecumenical Temple
  8070 | Temple   | XOM: cloud trail
  8238 | D:8      | XOM: god gift: potion of curing
  8313 | D:8      | XOM: blink monster(s)
  8499 | D:8      | XOM: god gift: wand of acid (7)
  8519 | D:8      | XOM: 7-stop teleportation journey
  8582 | D:8      | Found a runed translucent door.
  8582 | D:8      | Found a shimmering altar of Xom.
  8582 | D:8      | Noticed spimroxx's ghost (novice DECj)
  8582 | D:8      | Noticed a +1 spear of chaos
  8582 | D:8      | XOM: 1-stop teleportation journey
  8635 | D:8      | XOM: scenery: summon butterflies
  8641 | D:8      | XOM: polymorph orc wizard -> scorpion
  8655 | D:8      | Reached skill level 5 in Shields
  8669 | D:8      | Lost mutation: You are agile. (Dex +2) [potion of mutation]
  8669 | D:8      | Lost mutation: Your skin changes colour to match your
                  | surroundings (Stealth+). [potion of mutation]
  8669 | D:8      | Gained mutation: You are frail. (-10% HP) [potion of
                  | mutation]
  8757 | D:8      | Killed from afar by an acid dragon

Illustrated notes

Levels and vault maps discovered:
D:1:      heliophobic_arrival_battle_scene, layout_basic
D:2:      layout_loops_ring, shapermc_ecumenical_altar_mp_highgroup
D:3:      layout_loops_cross, serial_shops, shop, nicolae_shop_crystal,
          hangedman_decor_peaks_small, hangedman_feature_mirror,
          kennysheep_generic_room_4, uniq_sigmund
D:4:      layout_rooms, hangedman_ru_absence, cheibrodos_sewer_entry_bend,
          uniq_grinder
D:5:      layout_basic, serial_undead, serial_undead_b, serial_undead_d,
          serial_undead_e, serial_undead_d, serial_undead_a,
          chequers_serial_rivers_micro_e
D:6:      layout_basic, serial_shops, nicolae_shop_crystal, serial_curves,
          eino_curves_01, eino_curves_03
D:7:      layout_cave_pools, minmay_temple_entry_glassed_door,
          minmay_misc_feat_columns
D:8:      layout_basic, ebering_ghost_xom
Temple:   mainiacjoe_temple_cubbyholes

Skill      XL: |  1  2  3  4  5  6  7  8  9 |
---------------+----------------------------+-----
Fighting       | 4 5 6 7 |  7.7
Axes           | 4 5 7 8 9 |  9.2
Dodging        | 3 4 5 |  5.8
Throwing       | 1 2 |  2.2
Shields        | 5 |  5.0

Action                   |  1- 3 |  4- 6 |  7- 9 || total
-------------------------+-------+-------+-------++-------
Melee: Hand axe          |    77 |   102 |   451 ||   630
       Tailslap          |    10 |    11 |    81 ||   102
Throw: Javelin           |       |       |    24 ||    24
       Throwing net      |       |       |     2 ||     2
 Abil: Breathe Noxious F |       |       |     5 ||     5
  Use: Potion            |     6 |     1 |     2 ||     9
       Scroll            |       |       |    14 ||    14
 Stab: Sleeping          |     2 |       |     3 ||     5
       Confused          |       |       |     7 ||     7
Armor: Skin              |    22 |    34 |   188 ||   244
Dodge: Dodged            |    52 |    61 |   267 ||   380
Block: Tower shield      |       |       |   262 ||   262
       Buckler           |       |       |    14 ||    14

Table legend: (Time is in decaauts)
 A = Elapsed time spent in this place.
 B = Non-inter-level travel time spent in this place.
 C = Inter-level travel time spent in this place.
 D = Time resting spent in this place.
 E = Time spent auto-exploring this place.
 F = Levels seen in this place.
 G = Mean time per level.
                   A        B        C        D        E       F      G
               +--------+--------+--------+--------+--------+-----+--------+
         Total |   8786 |   8382 |    404 |   1719 |   5086 |   9 |  976.2 |
       Dungeon |   8488 |   8170 |    318 |   1719 |   4889 |   8 | 1061.0 |
        Temple |    297 |    212 |     85 |      0 |    197 |   1 |  297.0 |
               +--------+--------+--------+--------+--------+-----+--------+

Top non-repeatable levels by time:
     D:5: 1426 daAuts
     D:7: 1287 daAuts
     D:6: 1234 daAuts
     D:4: 1160 daAuts
     D:1: 1005 daAuts
     D:3: 918 daAuts
     D:2: 907 daAuts
     D:8: 549 daAuts
  Temple: 297 daAuts
